 Dungeon Crawl Stone Soup version 0.21.0-24-g2553a33 (console) character file.

1026428 nht the Heavyweight Champion (level 27, 0/276 (279) HPs)
             Began as a Troll Fighter on Jan 21, 2018.
             Was the Champion of the Shining One.
             Slain by Antaeus (14 damage)
             ... on level 7 of Cocytus.
             The game lasted 03:16:11 (69272 turns).

nht the Heavyweight Champion (Troll Fighter)       Turns: 69272, Time: 03:16:12

HP:   0/276 (279)   AC: 39    Str: 45    XL:     27
MP:   25/31         EV:  7    Int:  6    God:    the Shining One [******]
Gold: 2118          SH: 43    Dex:  7    Spells: 19/35 levels left

rFire    + . .     SeeInvis .     - Unarmed
rCold    + + .     Gourm    +   M - +10 large shield of the Eleven Moons {+Blink Stlth+}
rNeg     + + +     Faith    .   V - +10 gold dragon scales of the Trombone {rPois rF+ rC+ rN+ Str+3}
rPois    +         Spirit   .   T - +2 hat {MR+}
rElec    +         Reflect  +   m - scarf {cloud immunity}
rCorr    .         Harm     .   (gloves unavailable)
MR       +++++                  (boots unavailable)
Stlth    ..........             e - +5 amulet of reflection
HPRegen  0.96/turn              Y - ring of the Mage {Wiz MR++ Int+3}
MPRegen  0.22/turn              v - ring of Boreuskam {rC+ MR+ Str+3}

@: mighty, frozen, hasted, glowing, quick
A: large, unfitting armour, antennae 1, claws 3, icy blue scales 1, large bone
plates 1, blurry vision 3, clumsy 1, dopey 2, fast metabolism 3, gourmand,
regeneration 1, screaming 1, shaggy fur 1, electricity resistance, tough skin 2,
weak 2, subdued magic 1, MP-powered wands
}: 11/15 runes: serpentine, barnacled, slimy, silver, bone, abyssal, demonic,
glowing, magical, fiery, dark
a: Divine Shield, Cleansing Flame, Summon Divine Warrior, Brand Weapon With Holy
Wrath, Renounce Religion, Evoke Blink


You were on level 7 of Cocytus.
You worshipped the Shining One.
The Shining One was exalted by your worship.
You were not hungry.

You visited 15 branches of the dungeon, and saw 69 of its levels.
You visited Pandemonium 1 time, and saw 15 of its levels.
You visited the Abyss 1 time.
You also visited: Trove, Sewer, Ossuary, Bailey and Volcano.

You collected 8830 gold pieces.
You spent 4540 gold pieces at shops.
You donated 2172 gold pieces to Zin.

Inventory:

Missiles
 k - 15 silver tomahawks
 u - 7 poisoned tomahawks
 x - 29 silver javelins
 z - 5 javelins of penetration
 A - 24 steel javelins
 P - 58 tomahawks (quivered)
 R - 10 throwing nets
 S - 84 javelins
 Z - 118 large rocks
Armour
 m - a scarf of cloud immunity (worn)
 s - the +2 cloak of the Thief {+Fog Slay-2 SInv Stlth+}
   (You found it on level 12 of the Dungeon)

   It affects your accuracy and damage with ranged weapons and melee attacks
   (-2).
   It lets you see invisible.
   It makes you more stealthy.
 M - the +10 large shield of the Eleven Moons (worn) {+Blink Stlth+}
   (Okawaru gifted it to you on level 10 of the Dungeon)

   It lets you blink.
   It makes you more stealthy.
 T - a +2 hat of magic resistance (worn)
 V - the +10 gold dragon scales of the Trombone (worn) {rPois rF+ rC+ rN+ Str+3}
   (You found it in a bailey)

   It affects your strength (+3).
   It protects you from fire.
   It protects you from cold.
   It protects you from poison.
   It protects you from negative energy.
Jewellery
 e - a +5 amulet of reflection (around neck)
 g - the ring "Poimek" {rElec MR+ Dex+6}
   (You found it on level 3 of the Crypt)

   [ring of dexterity]

   It affects your dexterity (+6).
   It insulates you from electricity.
   It affects your resistance to hostile enchantments.
 v - the ring of Boreuskam (right claw) {rC+ MR+ Str+3}
   (You acquired it on level 10 of the Dungeon)

   [ring of protection from cold]

   It affects your strength (+3).
   It protects you from cold.
   It affects your resistance to hostile enchantments.
 H - the ring of the Chupacabra {rF+ MR+ Int+6 Stlth-}
   (You found it in a treasure trove)

   [ring of loudness]

   It affects your intelligence (+6).
   It protects you from fire.
   It affects your resistance to hostile enchantments.
   It makes you less stealthy.
 I - the ring "Lunweidu" {+Fly rF+ Int+2}
   (You acquired it on level 10 of the Dungeon)

   [ring of protection from fire]

   It affects your intelligence (+2).
   It protects you from fire.
   It lets you fly.
 Q - an uncursed ring of resist corrosion
 Y - the ring of the Mage (left claw) {Wiz MR++ Int+3}
   (You found it on level 3 of the Crypt)

   [ring of wizardry]

   It improves your spell success rate.
   It affects your intelligence (+3).
   It affects your resistance to hostile enchantments.
Wands
 o - a wand of acid (16)
 w - a wand of disintegration (127)
 W - a wand of digging (39)
Scrolls
 b - 7 scrolls of magic mapping
 h - 12 scrolls of fear
 p - 28 scrolls of remove curse
 t - 15 scrolls of teleportation
 y - 3 scrolls of holy word
 D - 11 scrolls of fog
 J - 9 scrolls of identify
 K - 2 scrolls of enchant armour
 L - 3 scrolls of blinking
Potions
 c - 6 potions of might
 f - 7 potions of resistance
 i - 14 potions of flight
 j - 21 potions of heal wounds
 l - 26 potions of curing
 n - 5 potions of haste
 B - 9 potions of agility
 E - 3 potions of cancellation
Miscellaneous
 a - 7 sacks of spiders
 q - 5 phantom mirrors
 C - a fan of gales
 F - a phial of floods
 N - a lightning rod (4/4)
 X - 2 boxes of beasts
Comestibles
 d - 77 rations


   Skills:
 - Level 17.4 Fighting
 - Level 18.1 Throwing
 - Level 18.7 Armour
 - Level 2.4 Dodging
 - Level 15.0 Shields
 O Level 27 Unarmed Combat
 + Level 4.8 Spellcasting
 + Level 15.8 Transmutations
 - Level 11.0 Ice Magic
   Level 9.7 Air Magic
 + Level 12.9 Earth Magic
 - Level 12.1 Invocations
 - Level 12.0 Evocations


You had 19 spell levels left.
You knew the following spells:

 Your Spells              Type           Power        Failure   Level  Hunger
a - Ice Form              Ice/Tmut       ##......     1%          4    #####..
b - Confusing Touch       Hex            #.....       47%         1    ##.....
c - Statue Form           Tmut/Erth      ##.......    22%         6    #######
d - Blade Hands           Tmut           ###.......   1%          5    ######.


Dungeon Overview and Level Annotations

Branches:
Dungeon (15/15)            Temple (1/1) D:6            Lair (6/6) D:10
 Shoals (4/4) Lair:3        Snake (4/4) Lair:4        Slime (5/5) Lair:5
    Orc (2/2) D:12            Elf (3/3) Orc:2        Vaults (5/5) D:13
  Crypt (3/3) Vaults:3       Tomb (1/3) Crypt:3      Depths (5/5) D:15
   Hell (1/1)                 Dis (0/7) Hell            Geh (0/7) Hell
    Coc (7/7) Hell            Tar (7/7) Hell            Zot (0/5) Depths:5

Altars:
Ashenzari
Cheibriados
Dithmenos
Elyvilon
Fedhas
Gozag
Hepliaklqana
Kikubaaqudgha
Makhleb
Nemelex Xobeh
Okawaru
Qazlal
Ru
Sif Muna
Trog
Uskayaw
Vehumet
Wu Jian
Xom
Yredelemnul
Zin
The Shining One

Shops:
D:10 (   Orc:2 !:(=%   Elf:3 :   Shoals:4 (   Vaults:1 *   Vaults:2 [
Vaults:4 (   Vaults:5 %%?   Depths:1 (   Depths:2 }}=   Depths:5 [

Portals:
Hell: Depths:1 Depths:2 Depths:3 Depths:4 Depths:5
Abyss: Depths:1 Depths:4
Pandemonium: Depths:1 Depths:3
Ziggurat: Depths:3

Annotations:
Coc:7 Antaeus


Innate Abilities, Weirdness & Mutations

You are too large for most types of armour.
You have claws for hands.
Your metabolism is lightning-fast.
You like to eat raw meat.
Your natural rate of healing is unusually fast.
You are covered in fur. (AC +1)
You have very tough skin. (AC +2)
You have a pair of small antennae on your head.
You are partially covered in icy blue scales. (AC +2)
You are partially covered in large bone plates. (SH +4)
Scrolls take you much longer to read.
You are clumsy. (Dex -2)
You are very dopey. (Int -4)
You occasionally shout uncontrollably at your foes.
You are resistant to electric shocks. (rElec)
You are very weak. (Str -4)
Your spells are a little easier to cast, but a little less powerful.
You expend magic power (3 MP) to strengthen your wands.


Message History

Antaeus is almost dead.
You claw Antaeus!
Antaeus is almost dead.
Your angel gestures.
Your angel is healed somewhat.
An ice dragon comes into view.
You scratch Antaeus but do no damage.
Antaeus is almost dead.
You block Antaeus's attack. x2
You scratch Antaeus.
Antaeus is almost dead.
Your angel hits Antaeus but does no damage. x2
You mangle Antaeus!!
Antaeus is almost dead.
You claw Antaeus!
Antaeus is almost dead.
Antaeus hits you.
* * * LOW HITPOINT WARNING * * *
Antaeus freezes you! You resist.
You die... ████ █$@█ █[CA$█

█$.φ=..
██:$█...█
██████..█
..█ D█ .


You could see Antaeus, an ice dragon and a friendly angel.

Vanquished Creatures
  Cerebov (Pan)
  the Royal Jelly (Slime:5)
  Gloorx Vloq (Pan)
  Ereshkigal (Tar:7)
  Lom Lobon (Pan)
  Mnoleg (Pan)
  3 ancient liches
  Mennas (Depths:4)
  Mara (Vaults:5)
  A juggernaut (Abyss:3)
  The ghost of xight the Archmage, a legendary DEFE of Vehumet (Depths:4)
  5 greater mummies
  Boris (Depths:4)
  Saint Roka (Vaults:3)
  Frederick (Vaults:2)
  Xtahua (Depths:5)
  Geryon (Hell)
  2 golden dragons (Depths:5)
  A profane servitor (Abyss:2)
  7 bone dragons
  18 Tzitzimimeh
  Jorgrun (Vaults:3)
  3 pandemonium lords (Pan)
  9 doom hounds
  2 Brimstone Fiends (Pan)
  2 Ice Fiends
  10 tentacled monstrosities
  A hellephant (Abyss:3)
  3 Hell Sentinels (Pan)
  20 titans
  3 deep elf master archers
  3 liches
  5 deep elf blademasters
  26 acid blobs
  3 tentacled starspawn
  Frances (Shoals:1)
  25 Executioners (Pan)
  An eldritch tentacle (Pan)
  3 ancient champions
  Gastronok (Lair:2)
  8 tengu reavers
  17 sphinxes
  9 shadow dragons
  7 storm dragons
  Roxanne (D:14)
  Donald (Slime:5)
  19 fire giants
  8 revenants
  9 nagarajas
  A storm dragon (shapeshifter) (Depths:4)
  A daeva (Abyss:2)
  Ilsuiw (Shoals:4)
  16 azure jellies
  10 deep elf sorcerers
  15 vault wardens
  4 ghost moths
  3 iron dragons
  26 cacodemons
  26 frost giants
  23 balrugs
  5 warmongers (Pan)
  Aizul (Elf:3)
  Louise (Snake:3)
  2 angels
  4 curse skulls
  A draconian stormcaller (Depths:5)
  6 deep elf elementalists
  8 ghouls
  A draconian shifter (Depths:5)
  32 reapers
  3 draconian annihilators (Pan)
  15 very ugly things
  2 ophanim (Abyss:3)
  An elemental wellspring (Coc:4)
  31 stone giants
  A spriggan defender (Depths:5)
  14 ironheart preservers
  2 war gargoyles (Depths:4)
  4 blood saints (Pan)
  7 deep elf demonologists
  4 corrupters (Pan)
  4 vampire knights
  A caustic shrike skeleton (Crypt:2)
  6 black draconians
  4 black suns (Pan)
  2 bennus (Tomb:1)
  Nessos (Orc:2)
  7 white draconians
  A spectral titan (Crypt:3)
  3 green draconians
  13 deep elf annihilators
  A red draconian (Crypt:2)
  Azrael (D:14)
  2 yellow draconians
  14 eidola
  2 purple draconians
  10 lorocyprocas
  A spark wasp (shapeshifter) (Vaults:5)
  9 spark wasps
  8 blizzard demons
  7 merfolk javelineers
  5 deep elf death magi
  4 crystal guardians
  12 ettins
  3 quicksilver dragon zombies
  12 green deaths
  6 mummy priests
  7 great orbs of eyes
  9 fire dragons
  Erolcha (Orc:2)
  2 kraken zombies (Hell)
  7 merfolk impalers
  6 death oozes (Slime:5)
  A minotaur (shapeshifter) (Depths:4)
  14 naga warriors
  A spectral shadow dragon (Crypt:3)
  8 jiangshi
  A quicksilver dragon skeleton (Coc:1)
  14 yaktaur captains
  5 deep elf high priests
  25 vault guards
  12 ice dragons
  7 rakshasas
  3 monstrous demonspawn (Pan)
  A hell beast (Pan)
  6 spriggan air magi
  3 merfolk avatars
  The ghost of nht the Grappler, a novice TrBe of Trog (D:10)
  6 death knights
  11 hydras
  16 ogre magi
  13 anacondas
  9 centaur warriors
  5 merfolk aquamancers (Shoals:4)
  7 deep troll shamans
  8 death yaks
  A spectral stone giant (Crypt:3)
  39 dancing weapons
  6 catoblepae
  2 satyrs
  53 two-headed ogres
  55 large abominations
  A spectral fire giant (Crypt:3)
  10 death scarabs (Tomb:1)
  An alligator snapping turtle (Shoals:4)
  2 titan zombies
  9 vampire magi
  9 hell hogs (Hell)
  2 tengu warriors (Depths:2)
  4 orc high priests (Orc:2)
  2 spriggan berserkers
  6 deep troll earth magi
  Urug (D:11)
  15 shock serpents
  2 storm dragon zombies
  9 naga sharpshooters
  2 spectral storm dragons (Crypt:3)
  31 soul eaters
  19 hell knights
  4 spriggans
  2 spectral dire elephants (Crypt:3)
  An iron golem (Hell)
  2 salamander mystics
  A titan skeleton (Tomb:1)
  19 deep elf knights
  2 fire crabs (shapeshifter)
  85 skeletal warriors
  Sonja (D:13)
  19 small abominations
  6 wretched stars
  2 iron trolls (Depths:5)
  30 sixfirhies
  2 cherubim (Abyss:3)
  18 shadow wraiths
  2 ghost moth zombies (Hell)
  25 sea snakes
  A spark wasp zombie (Depths:3)
  A spatial maelstrom (Abyss:3)
  4 unseen horrors
  A spectral anaconda (Crypt:3)
  48 sun demons
  4 anaconda zombies
  4 torturous demonspawn (Pan)
  27 deep trolls
  An unseen horror (shapeshifter) (Vaults:5)
  21 shadow demons
  3 spectral iron dragons (Crypt:3)
  4 gelid demonspawn (Pan)
  4 infernal demonspawn (Pan)
  3 golden dragon zombies
  2 orange crystal statues
  8 wizards
  A lindwurm (Lair:6)
  3 glowing orange brains
  2 golden dragon skeletons
  14 flayed ghosts
  A tengu zombie (Depths:1)
  20 deep elf archers
  5 naga ritualists
  13 ironbrand convokers
  18 phantasmal warriors
  17 orc knights
  2 shadow dragon zombies
  Pikel (D:8)
  A wolf spider zombie (Coc:7)
  3 mana vipers (shapeshifter)
  2 anaconda skeletons
  19 harpies
  3 iron dragon zombies
  4 wolf spiders
  A stone giant zombie (Hell)
  6 necromancers
  5 mana vipers
  9 shining eyes
  2 frost giant zombies
  An orb spider (shapeshifter) (Depths:1)
  A spectral ettin (Crypt:3)
  3 fire giant zombies
  9 manticores
  6 orc sorcerers
  19 salamanders
  A shining eye (shapeshifter) (Vaults:5)
  11 oklob plants
  3 spectral alligators (Crypt:3)
  4 fauns
  An iron dragon skeleton (Tar:5)
  4 shadow dragon skeletons
  A cyclops (shapeshifter) (Abyss:3)
  63 deep elf magi
  48 ugly things
  9 merfolk sirens
  2 spectral shock serpents (Crypt:3)
  3 worldbinders (Abyss:2)
  Maurice (D:8)
  4 stone giant skeletons
  5 cyclopes
  2 fire giant skeletons
  3 elephants (Lair:3)
  A moth of wrath (shapeshifter) (Depths:4)
  5 water nymphs
  3 frost giant skeletons
  8 guardian serpents
  31 black mambas
  12 vault sentinels
  13 naga magi
  A molten gargoyle (Hell)
  A dire elephant zombie (Tar:6)
  7 rust devils
  24 orange demons
  An ice statue (Hell)
  8 centaur skeletons
  An apocalypse crab (Abyss:3)
  Joseph (D:8)
  54 smoke demons
  7 eyes of devastation
  5 torpor snails (Lair:6)
  A shock serpent zombie (Crypt:2)
  3 gargoyles
  12 spiny frogs
  A catoblepas zombie (Crypt:3)
  28 hellwings
  A dire elephant skeleton (Tar:3)
  12 efreet
  A redback zombie (D:14)
  A storm dragon simulacrum (Crypt:3)
  6 rime drakes (Lair:6)
  An iron troll zombie (Crypt:1)
  61 yaktaurs
  11 komodo dragons
  A kobold demonologist (D:13)
  33 freezing wraiths
  8 hellions
  5 ice devils
  A komodo dragon (shapeshifter) (Vaults:3)
  A yellow draconian zombie (Crypt:2)
  24 tormentors
  11 demonic crawlers (Pan)
  A death yak skeleton (Crypt:3)
  11 guardian mummies
  A harpy zombie (Hell)
  A red draconian skeleton (Crypt:1)
  A tengu conjurer (Depths:3)
  21 red devils
  A black draconian skeleton (Crypt:1)
  4 catoblepas skeletons
  4 tyrant leeches (Lair:6)
  10 trolls
  Prince Ribbit (D:7)
  6 ancient zymes
  2 polar bears
  32 merfolk
  A shadow dragon simulacrum (Crypt:1)
  2 wind drakes (shapeshifter)
  5 hydra zombies
  7 blink frogs
  14 hornets
  15 raiju
  A raiju (shapeshifter) (Vaults:5)
  A wind drake (Shoals:4)
  The ghost of matthes123 the Changer, an amateur DrTm (D:4)
  A polar bear (shapeshifter) (Vaults:3)
  A jumping spider (shapeshifter) (Vaults:4)
  114 slime creatures
  17 snapping turtles
  3 bog bodies
  A hydra skeleton (Coc:7)
  4 harpy skeletons
  An ice dragon zombie (Tar:7)
  An ettin zombie (Tar:4)
  3 alligator zombies
  A frost giant simulacrum (Crypt:3)
  15 hippogriffs
  2 ettin skeletons
  An iron dragon simulacrum (Crypt:3)
  3 black mamba zombies
  9 dream sheep
  2 fire giant simulacra (Crypt:3)
  36 flying skulls
  14 shadows
  8 starcursed masses
  2 ice dragon skeletons
  18 wraiths
  25 ynoxinuls
  A redback (shapeshifter) (Vaults:5)
  10 water elementals
  13 air elementals
  2 alligator skeletons
  A wyvern (Lair:4)
  A dire elephant simulacrum (Crypt:3)
  20 yaks
  2 ushabtiu (Tomb:1)
  2 yaks (shapeshifter)
  A basilisk (shapeshifter) (Depths:2)
  7 hungry ghosts
  20 fire elementals
  A black mamba skeleton (Crypt:2)
  16 golden eyes
  2 basilisks
  15 chaos spawn
  2 fire bats (Abyss:3)
  21 neqoxecs
  Menkaure (D:5)
  52 nagas
  6 vampire mosquitoes
  3 spatial vortices (Abyss:3)
  10 wargs
  A faun zombie (Crypt:1)
  A harpy simulacrum (Depths:4)
  4 acid dragons
  Edmund (D:6)
  10 hell hounds
  A spectral snapping turtle (Crypt:3)
  5 spiny frog zombies
  9 porcupines
  11 water moccasins
  A swamp drake (D:9)
  3 floating eyes
  2 black bears (D:11)
  A spectral spriggan (Crypt:3)
  5 sky beasts
  4 phantoms
  46 orc warriors
  An eye of draining (shapeshifter) (Depths:4)
  A fire dragon simulacrum (Abyss:2)
  9 ice beasts
  A snapping turtle zombie (Tar:3)
  A spiny frog skeleton (Coc:6)
  An ettin simulacrum (Abyss:2)
  16 eyes of draining
  A swamp dragon zombie (Tar:2)
  15 necrophages
  9 boggarts
  36 ogres
  3 ice dragon simulacra
  14 wolves
  A lindwurm skeleton (Crypt:2)
  18 centaurs
  A swamp dragon skeleton (Crypt:1)
  5 snapping turtle skeletons
  10 crocodiles
  5 big kobolds
  A fire crab zombie (Crypt:3)
  An elf zombie (Crypt:1)
  A rime drake skeleton (Crypt:3)
  2 wyvern zombies
  A draconian skeleton (Crypt:2)
  4 earth elementals
  25 bullfrogs
  3 gnoll sergeants (D:8)
  A water moccasin zombie (Crypt:1)
  An elf skeleton (Pan)
  A spiny frog simulacrum (Hell)
  4 scorpions
  A troll zombie (Crypt:1)
  6 killer bees (D:12)
  4 electric eels
  44 wights
  5 howler monkeys
  13 crimson imps
  4 quasits
  12 hounds
  4 jellies
  2 centaur zombies
  28 orc wizards
  4 bullfrog skeletons
  30 orc priests
  A gnoll shaman (D:8)
  4 iron imps
  2 human skeletons
  Ijyb (D:5)
  Terence (D:3)
  4 iguanas
  7 worker ants
  5 hell rats (Hell)
  2 big kobold zombies
  A hound zombie (D:7)
  20 mummies
  A howler monkey zombie (D:5)
  24 gnolls
  2 howler monkey skeletons
  17 adders
  13 river rats
  2 swamp drake skeletons (Crypt:1)
  23 shadow imps
  6 white imps
  2 ufetubi
  2 lava snake zombies (Crypt:3)
  4 oozes
  A worm zombie (Crypt:1)
  2 adder skeletons
  8 worms
  7 ball lightnings (Pan)
  4 dart slugs
  5 leopard geckos
  102 orcs
  6 bats
  4 giant cockroaches
  13 goblins
  14 hobgoblins
  16 jackals
  12 quokkas
  3 ball pythons
  A ball python skeleton (Crypt:3)
  4 frilled lizards
  3 gnoll zombies (Ossuary)
  A hobgoblin zombie (Ossuary)
  10 kobolds
  A kobold simulacrum (Crypt:3)
  A kobold zombie (Ossuary)
  A leopard gecko zombie (Crypt:2)
  An orc skeleton (Pan)
  2 orc zombies (Ossuary)
  A quokka skeleton (D:6)
  A quokka zombie (D:5)
  27 rats
  A spectral orc (Crypt:3)
  15 plants
  3 starspawn tentacles (Abyss:3)
  6 tentacles (Hell)
3780 creatures vanquished.

Vanquished Creatures (collateral kills)
  An ugly thing (Vaults:2)
1 creature vanquished.

Vanquished Creatures (others)
  2 deep elf master archers
  A blood saint (Pan)
  A vault warden (Vaults:5)
  4 stone giants
  2 yaktaur captains
  A two-headed ogre (Depths:3)
  A centaur warrior (Vaults:4)
  4 deep elf archers
  A deep elf mage (Vaults:3)
  2 cyclopes
  A vault sentinel (Vaults:2)
  A black mamba (Snake:1)
  A fire giant skeleton (Depths:3)
  22 yaktaurs
  A fire dragon skeleton (Coc:7)
  2 golden eyes
  A naga (Snake:4)
  A slave (D:8)
  An ogre (Depths:1)
  3 centaurs (Depths:1)
  An orc priest (Orc:2)
  A white imp (Coc:7)
  6 ball lightnings (Pan)
  An orc (Vaults:4)
  8 fungi
  2 lurking horrors (Abyss:2)
  44 plants
  6 starspawn tentacles
  7 tentacles (Hell)
129 creatures vanquished.

Grand Total: 3910 creatures vanquished

Notes
Turn   | Place    | Note
-------+----------+-------------------------------------------
     0 | D:1      | nht the Troll Fighter began the quest for the Orb.
     0 | D:1      | Reached XP level 1. HP: 22/22 MP: 0/0
    58 | D:1      | Reached XP level 2. HP: 28/29 MP: 1/1
   240 | D:1      | Reached skill level 3 in Unarmed Combat
   407 | D:1      | Reached XP level 3. HP: 36/36 MP: 2/2
   717 | D:2      | Reached XP level 4. HP: 44/44 MP: 3/3
   914 | D:2      | Reached skill level 4 in Unarmed Combat
  1097 | D:3      | Found a shadowy altar of Dithmenos.
  1149 | D:3      | Noticed Terence
  1161 | D:3      | Killed Terence
  1281 | D:3      | Reached XP level 5. HP: 48/50 MP: 4/4
  1471 | D:4      | Noticed an ogre
  1477 | D:4      | Killed an ogre
  1477 | D:4      | Reached skill level 5 in Unarmed Combat
  1479 | D:4      | Reached XP level 6. HP: 59/59 MP: 5/5
  1522 | D:4      | Found a shattered altar of Ashenzari.
  1631 | D:4      | Noticed matthes123's ghost (amateur DrTm)
  1650 | D:4      | Killed matthes123's ghost
  1650 | D:4      | Reached skill level 6 in Unarmed Combat
  1650 | D:4      | Reached XP level 7. HP: 11/66 MP: 6/6
  1804 | D:4      | Found a glowing drain.
  1811 | Sewer    | Entered a sewer
  1897 | Sewer    | Reached skill level 7 in Unarmed Combat
  1916 | Sewer    | Found a white marble altar of Elyvilon.
  2417 | D:5      | Entered Level 5 of the Dungeon
  2417 | D:5      | Found a blossoming altar of Fedhas.
  2422 | D:5      | Found a sacrificial altar of Ru.
  2608 | D:5      | Reached skill level 5 in Shields
  2652 | D:5      | Reached XP level 8. HP: 53/74 MP: 7/7
  2687 | D:5      | Reached skill level 8 in Unarmed Combat
  2708 | D:5      | Noticed Ijyb
  2713 | D:5      | Killed Ijyb
  2885 | D:5      | Noticed Menkaure
  2891 | D:5      | Killed Menkaure
  3017 | D:5      | Found a radiant altar of Vehumet.
  3462 | D:5      | Noticed a two-headed ogre
  3473 | D:5      | Killed a two-headed ogre
  3473 | D:5      | Reached skill level 9 in Unarmed Combat
  3473 | D:5      | Reached XP level 9. HP: 54/80 MP: 8/8
  3675 | D:6      | Reached skill level 10 in Unarmed Combat
  3721 | D:6      | Noticed Edmund
  4028 | D:6      | Killed Edmund
  4123 | D:6      | Found a white marble altar of Elyvilon.
  4152 | D:6      | Gained mutation: You are partially covered in molten scales. (AC +2) [potion of mutation]
  4152 | D:6      | Gained mutation: You have a pair of small horns on your head. [potion of mutation]
  4152 | D:6      | Gained mutation: You are agile. (Dex +2) [potion of mutation]
  4251 | D:6      | Found a staircase to the Ecumenical Temple.
  4254 | D:6      | Reached skill level 11 in Unarmed Combat
  4265 | Temple   | Entered the Ecumenical Temple
  4367 | Temple   | Became a worshipper of Warmaster Okawaru
  4498 | D:6      | Found a sacrificial altar of Ru.
  5006 | D:7      | Found a snail-covered altar of Cheibriados.
  5020 | D:7      | Noticed Prince Ribbit
  5058 | D:7      | Killed Prince Ribbit
  5092 | D:7      | Reached * piety under Okawaru
  5117 | D:7      | Reached XP level 10. HP: 88/88 MP: 9/9
  5172 | D:7      | Reached skill level 12 in Unarmed Combat
  5454 | D:7      | Reached ** piety under Okawaru
  5644 | D:8      | Found a shimmering altar of Xom.
  5694 | D:8      | Found a shadowy altar of Dithmenos.
  5719 | D:8      | Noticed Joseph
  5730 | D:8      | Killed Joseph
  5751 | D:8      | Killed an unseen horror
  5769 | D:8      | Reached *** piety under Okawaru
  5801 | D:8      | Noticed Pikel
  5813 | D:8      | Killed Pikel
  5813 | D:8      | Reached skill level 13 in Unarmed Combat
  5880 | D:8      | Noticed a two-headed ogre
  5888 | D:8      | Killed a two-headed ogre
  5888 | D:8      | Reached **** piety under Okawaru
  6062 | D:8      | Found a sand-covered staircase.
  6066 | Ossuary  | Entered an ossuary
  6313 | D:8      | Found an ornate altar of the Wu Jian Council.
  6442 | D:8      | Found a basalt altar of Yredelemnul.
  6591 | D:8      | Found a glowing golden altar of the Shining One.
  6605 | D:8      | Noticed Maurice
  6722 | D:8      | Killed Maurice
  6722 | D:8      | Reached XP level 11. HP: 77/94 MP: 10/10
  6764 | D:8      | Noticed an angel
  6906 | D:9      | Found a deep blue altar of Sif Muna.
  7262 | D:9      | Found a hazy altar of Hepliaklqana.
  7524 | D:9      | Noticed a deep elf mage
  7531 | D:9      | Killed a deep elf mage
  7531 | D:9      | Reached skill level 14 in Unarmed Combat
  7537 | D:9      | Noticed a deep elf mage
  7540 | D:9      | Killed a deep elf mage
  7667 | D:10     | Entered Level 10 of the Dungeon
  7670 | D:10     | Found Coplupne's Antique Weapon Emporium.
  7689 | D:10     | Found a staircase to the Lair.
  7696 | D:10     | Reached ***** piety under Okawaru
  7733 | D:10     | Identified a scroll of acquirement
  7734 | D:10     | Got a vibrating marble ring
  7738 | D:10     | Identified the ring "Lunweidu" {+Fly rF+ Int+2} (You acquired it on level 10 of the Dungeon)
  7857 | D:10     | Noticed nht's ghost (novice TrBe)
  7876 | D:10     | Killed nht's ghost
  7876 | D:10     | Received a gift from Okawaru
  7877 | D:10     | Got a steaming large shield {god gift}
  7888 | D:10     | Identified the +10 large shield of the Eleven Moons {+Blink Stlth+} (Okawaru gifted it to you on level 10 of the Dungeon)
  7998 | D:10     | Killed an unseen horror
  8028 | D:10     | Noticed a two-headed ogre
  8041 | D:10     | Killed a two-headed ogre
  8405 | D:10     | Got a transparent wooden ring
  8407 | D:10     | Identified the ring of Boreuskam {rC+ MR+ Str+3} (You acquired it on level 10 of the Dungeon)
  8495 | D:11     | Reached skill level 15 in Unarmed Combat
  8506 | D:11     | Reached skill level 1 in Invocations
  8925 | D:11     | Reached XP level 12. HP: 105/105 MP: 12/12
  8951 | D:11     | Noticed Urug
  8962 | D:11     | Killed Urug
  9550 | D:12     | Reached skill level 1 in Throwing
  9580 | D:12     | Noticed a four-headed hydra
  9587 | D:12     | Killed a four-headed hydra
  9713 | D:12     | Found a flagged portal.
  9732 | D:12     | Received a gift from Okawaru
  9771 | D:12     | Found a staircase to the Orcish Mines.
  9827 | Bailey   | Entered a bailey
 10104 | Bailey   | Got steaming gold dragon scales
 10189 | D:12     | Identified the +10 gold dragon scales of the Trombone {rPois rF+ rC+ rN+ Str+3} (You found it in a bailey)
 10216 | D:12     | Noticed a two-headed ogre
 10224 | D:12     | Killed a two-headed ogre
 10245 | D:12     | Found a radiant altar of Vehumet.
 10546 | D:12     | Reached skill level 16 in Unarmed Combat
 10630 | D:12     | Found a runed door.
 10630 | D:12     | Noticed a crystal guardian
 10632 | D:12     | Noticed a crystal guardian
 10633 | D:12     | Found the +2 cloak of the Thief {+Fog Slay-2 SInv Stlth+}
 10684 | D:12     | Noticed a two-headed ogre
 10696 | D:12     | Killed a two-headed ogre
 10696 | D:12     | Reached skill level 1 in Armour
 11011 | Lair:1   | Entered Level 1 of the Lair of Beasts
 11096 | Lair:1   | Reached skill level 10 in Shields
 11238 | Lair:1   | Reached skill level 5 in Fighting
 11403 | Lair:1   | Noticed a five-headed hydra
 11419 | Lair:1   | Killed a five-headed hydra
 11419 | Lair:1   | Reached XP level 13. HP: 100/118 MP: 15/15
 11969 | Lair:2   | Reached ****** piety under Okawaru
 12034 | Lair:2   | Received a gift from Okawaru
 12066 | Lair:2   | Found a glowing golden altar of the Shining One.
 12229 | Lair:2   | Found a dark tunnel.
 12235 | Volcano  | Entered a volcano
 12274 | Volcano  | Received a gift from Okawaru
 12279 | Volcano  | Reached skill level 5 in Invocations
 12292 | Volcano  | Reached skill level 5 in Throwing
 12489 | Lair:2   | Noticed Gastronok
 12499 | Lair:2   | Killed Gastronok
 12755 | Lair:3   | Received a gift from Okawaru
 12756 | Lair:3   | Got a wizard robe {god gift}
 12770 | Lair:3   | Identified the +4 robe "Ompupn" {Slay+2} (Okawaru gifted it to you on level 3 of the Lair of Beasts)
 13221 | Lair:3   | Found a staircase to the Shoals.
 13625 | Lair:4   | Found a staircase to the Snake Pit.
 13866 | Lair:4   | Reached XP level 14. HP: 130/130 MP: 17/17
 14629 | Lair:5   | Received a gift from Okawaru
 15341 | Lair:6   | Entered Level 6 of the Lair of Beasts
 16066 | Lair:6   | Reached skill level 5 in Armour
 16073 | Lair:6   | Found a runed door.
 16155 | Lair:6   | Paralysed by a hornet for 2 turns
 16180 | Lair:6   | Received a gift from Okawaru
 16561 | Orc:1    | Entered Level 1 of the Orcish Mines
 16772 | Orc:2    | Entered Level 2 of the Orcish Mines
 16806 | Orc:2    | Found Fap Yniucsi's Distillery.
 17150 | Orc:2    | Found a staircase to the Elven Halls.
 17246 | Orc:2    | Noticed Erolcha
 17261 | Orc:2    | Killed Erolcha
 17271 | Orc:2    | Noticed Nessos
 17284 | Orc:2    | Killed Nessos
 17284 | Orc:2    | Reached XP level 15. HP: 104/140 MP: 13/19
 17323 | Orc:2    | Reached skill level 17 in Unarmed Combat
 17482 | Orc:2    | Found Jaubol's Jewellery Emporium.
 17482 | Orc:2    | Found Qedau's Book Shoppe.
 17666 | Orc:2    | Found Zuiddur's Antique Weapon Shoppe.
 17670 | Orc:2    | Found Fuapicy's Food Emporium.
 17794 | Orc:2    | Bought a potion of invisibility for 112 gold pieces
 17794 | Orc:2    | Bought a potion of might for 56 gold pieces
 17794 | Orc:2    | Bought 2 potions of curing for 84 gold pieces
 17794 | Orc:2    | Bought a potion of resistance for 140 gold pieces
 17794 | Orc:2    | Bought a potion of curing for 42 gold pieces
 17794 | Orc:2    | Bought 2 potions of agility for 112 gold pieces
 17794 | Orc:2    | Bought a potion of haste for 140 gold pieces
 17794 | Orc:2    | Bought a potion of invisibility for 112 gold pieces
 17794 | Orc:2    | Bought a potion of berserk rage for 70 gold pieces
 18086 | D:13     | Found a gate to the Vaults.
 18170 | D:13     | Noticed Sonja
 18185 | D:13     | Killed Sonja
 18437 | D:14     | Noticed Azrael
 18448 | D:14     | Killed Azrael
 18516 | D:14     | Received a gift from Okawaru
 18820 | D:14     | Found the +4 arc blade {discharge, rElec}
 19116 | D:14     | Noticed Roxanne
 19131 | D:14     | Killed Roxanne
 19132 | D:14     | Identified Roxanne's Papyrus of the Rocks (You took it off Roxanne on level 14 of the Dungeon)
 19345 | D:15     | Entered Level 15 of the Dungeon
 19648 | D:15     | Found a staircase to the Depths.
 19648 | D:15     | Noticed a frost giant
 19657 | D:15     | Killed a frost giant
 19792 | D:15     | Reached skill level 10 in Throwing
 20633 | D:12     | Identified the ring "Yquoh" {*Drain rPois MR- Int+8 Stlth+} (You found it on level 12 of the Dungeon)
 20873 | Snake:1  | Entered Level 1 of the Snake Pit
 21028 | Snake:1  | Reached XP level 16. HP: 152/152 MP: 21/21
 21723 | Snake:2  | Received a gift from Okawaru
 21792 | Snake:2  | Received a gift from Okawaru
 21803 | Snake:2  | Received a gift from Okawaru
 22495 | Snake:3  | Noticed Louise
 22504 | Snake:3  | Killed Louise
 22676 | Snake:3  | Received a gift from Okawaru
 22783 | Snake:3  | Received a gift from Okawaru
 23129 | Snake:4  | Entered Level 4 of the Snake Pit
 23296 | Snake:4  | Reached skill level 1 in Evocations
 23341 | Snake:4  | Reached XP level 17. HP: 161/162 MP: 22/22
 23588 | Snake:4  | Received a gift from Okawaru
 23650 | Snake:4  | Reached skill level 18 in Unarmed Combat
 23699 | Snake:4  | Received a gift from Okawaru
 24013 | Snake:4  | Got a serpentine rune of Zot
 24237 | Shoals:1 | Entered Level 1 of the Shoals
 24418 | Shoals:1 | Noticed Frances
 24441 | Shoals:1 | Killed Frances
 25269 | Shoals:2 | Received a gift from Okawaru
 25689 | Shoals:3 | Reached XP level 18. HP: 171/171 MP: 23/23
 26076 | Shoals:4 | Entered Level 4 of the Shoals
 26100 | Shoals:4 | Received a gift from Okawaru
 26318 | Shoals:4 | Found Horeawn's Antique Weapon Boutique.
 26443 | Shoals:4 | Identified Muejeng's Almanac of Mutagenic Creation
 26703 | Shoals:4 | Received a gift from Okawaru
 26855 | Shoals:4 | Got a barnacled rune of Zot
 26894 | Shoals:4 | Noticed Ilsuiw
 26921 | Shoals:4 | Killed Ilsuiw
 27500 | Elf:1    | Entered Level 1 of the Elven Halls
 28047 | Elf:1    | Found a deep blue altar of Sif Muna.
 28361 | Elf:1    | Reached skill level 5 in Evocations
 28657 | Elf:2    | Received a gift from Okawaru
 28669 | Elf:2    | Found a runed gate.
 28669 | Elf:2    | Found a runed gate.
 28669 | Elf:2    | Found a runed gate.
 28892 | Elf:2    | Reached XP level 19. HP: 94/179 MP: 21/24
 29432 | Elf:3    | Entered Level 3 of the Elven Halls
 29432 | Elf:3    | Noticed Aizul
 29445 | Elf:3    | Killed Aizul
 29485 | Elf:3    | Found Zuduujif's Book Shop.
 29571 | Elf:3    | Found a runed door.
 29574 | Elf:3    | Reached skill level 10 in Armour
 29697 | Elf:3    | Reached skill level 19 in Unarmed Combat
 29725 | Elf:3    | Reached skill level 15 in Throwing
 29894 | Elf:3    | Found a portal to a secret trove of treasure.
 30101 | Elf:3    | Received a gift from Okawaru
 30205 | Elf:3    | Found the cursed necklace of Bloodlust {*Rage +Rage MR++ Int-3 Slay+6 *Curse}
 30258 | Elf:3    | Identified the ring of Rumush {Fire rN+ Dex+2} (You found it on level 3 of the Elven Halls)
 30275 | Elf:3    | Identified the Collected Works on the Boosting Oath
 30283 | Elf:3    | Got a wavering lapis lazuli ring
 30284 | Elf:3    | Identified the ring "Belaqu Weku" {Str+5 Int+5} (You found it on level 3 of the Elven Halls)
 30307 | Elf:3    | Got a pitted graven amulet
 30308 | Elf:3    | Identified the amulet "Kotooloj" {RegenMP rElec rC+ Str+5 SInv} (You found it on level 3 of the Elven Halls)
 30593 | Elf:3    | Identified Decuf's Improving Your Sorcery
 30879 | Vaults:1 | Entered Level 1 of the Vaults
 31022 | Vaults:1 | Noticed a Tzitzimitl
 31116 | Vaults:1 | Received a gift from Okawaru
 31427 | Vaults:1 | Received a gift from Okawaru
 31513 | Vaults:1 | Found Mej Reo's General Store.
 31529 | Vaults:1 | Bought a potion of curing for 36 gold pieces
 31564 | Vaults:1 | Reached XP level 20. HP: 169/187 MP: 25/25
 31786 | Vaults:1 | Identified the -8 shield of the Tick {rPois} (You found it on level 1 of the Vaults)
 31851 | Vaults:1 | Received a gift from Okawaru
 32467 | Vaults:2 | Found Reik's Armour Shop.
 32517 | Vaults:2 | Received a gift from Okawaru
 32680 | Vaults:2 | Noticed Frederick
 32684 | Vaults:2 | Received a gift from Okawaru
 32705 | Vaults:2 | Killed Frederick
 32709 | Vaults:2 | Received a gift from Okawaru
 33436 | Vaults:2 | You fall through a shaft!
 33800 | Vaults:3 | Noticed Saint Roka
 33832 | Vaults:3 | Killed Saint Roka
 34025 | Vaults:3 | Received a gift from Okawaru
 34029 | Vaults:3 | Noticed Jorgrun
 34042 | Vaults:3 | Killed Jorgrun
 34244 | Vaults:3 | Reached XP level 21. HP: 195/195 MP: 27/27
 34366 | Vaults:3 | Reached skill level 20 in Unarmed Combat
 34377 | Vaults:3 | Reached skill level 10 in Evocations
 34419 | Vaults:3 | Received a gift from Okawaru
 34603 | Vaults:3 | Found a staircase to the Crypt.
 35451 | Vaults:4 | Received a gift from Okawaru
 35465 | Vaults:4 | Reached skill level 15 in Shields
 36215 | Vaults:4 | Found Zogon's Weapon Boutique.
 36349 | Vaults:4 | Received a gift from Okawaru
 36922 | Depths:1 | Entered Level 1 of the Depths
 36996 | Depths:1 | Found a one-way gate to the infinite horrors of the Abyss.
 37185 | Depths:1 | Reached skill level 10 in Fighting
 37191 | Depths:1 | Received a gift from Okawaru
 37192 | Depths:1 | Found the +7 longbow "Piercer" {penet, EV-2}
 37216 | Depths:1 | Found a gateway to Hell.
 37490 | Depths:1 | Found a one-way gate leading to the halls of Pandemonium.
 37662 | Depths:1 | Found Purothroi's Weapon Shop.
 37680 | Depths:1 | Reached XP level 22. HP: 192/208 MP: 29/29
 37978 | Depths:2 | Found Mirukigg's Jewellery Boutique.
 37978 | Depths:2 | Found Nerochop's Gadget Emporium.
 37979 | Depths:2 | Found Qeuge's Gadget Emporium.
 37984 | Depths:2 | Bought a wand of digging (15) for 570 gold pieces
 37984 | Depths:2 | Bought a phantom mirror for 450 gold pieces
 37984 | Depths:2 | Bought a phantom mirror for 450 gold pieces
 37984 | Depths:2 | Bought a box of beasts for 300 gold pieces
 37988 | Depths:2 | Bought a box of beasts for 220 gold pieces
 37988 | Depths:2 | Bought a sack of spiders for 220 gold pieces
 37988 | Depths:2 | Bought a sack of spiders for 220 gold pieces
 37988 | Depths:2 | Bought a sack of spiders for 220 gold pieces
 37988 | Depths:2 | Bought a phantom mirror for 330 gold pieces
 38114 | Depths:2 | Received a gift from Okawaru
 38115 | Depths:2 | Identified the +2 troll leather armour of the Harvest {*Slow Regen+ rCorr Str+3 Slay+2} (Okawaru gifted it to you on level 2 of the Depths)
 38876 | Depths:3 | Noticed a greater mummy
 38893 | Depths:3 | Killed a greater mummy
 38946 | Depths:3 | Noticed a greater mummy
 38975 | Depths:3 | Killed a greater mummy
 38975 | Depths:3 | Reached skill level 21 in Unarmed Combat
 39006 | Depths:3 | Noticed a greater mummy
 39021 | Depths:3 | Killed a greater mummy
 39231 | Depths:3 | Received a gift from Okawaru
 39496 | Depths:3 | Found a gateway to a ziggurat.
 40230 | Depths:4 | Noticed Boris
 40244 | Depths:4 | Killed Boris
 40244 | Depths:4 | Received a gift from Okawaru
 40244 | Depths:4 | Reached XP level 23. HP: 190/222 MP: 29/31
 40320 | Depths:4 | Reached skill level 1 in Ice Magic
 40327 | Depths:4 | Noticed Mennas
 40333 | Depths:4 | Received a gift from Okawaru
 40368 | Depths:4 | Killed Mennas
 40368 | Depths:4 | Received a gift from Okawaru
 40574 | Depths:4 | Noticed xight's ghost (legendary DEFE)
 40624 | Depths:4 | Killed xight's ghost
 41010 | Depths:4 | Received a gift from Okawaru
 41054 | Depths:4 | Reached skill level 5 in Ice Magic
 41120 | Depths:4 | Identified the Catalogue of the Voyage and Sinister Rituals
 41347 | Depths:5 | Entered Level 5 of the Depths
 41872 | Depths:5 | Reached skill level 22 in Unarmed Combat
 41917 | Depths:5 | Received a gift from Okawaru
 41941 | Depths:5 | Found a gate to the Realm of Zot.
 41986 | Depths:5 | Noticed Xtahua
 41994 | Depths:5 | Killed Xtahua
 42193 | Depths:5 | Found Bajan's Antique Armour Shop.
 42405 | Depths:5 | Reached XP level 24. HP: 234/234 MP: 30/31
 43059 | Depths:4 | Identified the +1 troll leather armour of the Princess {Regen+ rCorr Dex+8} (Okawaru gifted it to you on level 4 of the Depths)
 43383 | Vaults:5 | Entered Level 5 of the Vaults
 43429 | Vaults:5 | Noticed Mara
 43437 | Vaults:5 | Noticed nht's illusion
 43598 | Vaults:5 | Noticed an ancient lich
 43607 | Vaults:5 | Killed an ancient lich
 43607 | Vaults:5 | Received a gift from Okawaru
 43607 | Vaults:5 | Reached skill level 15 in Armour
 43686 | Vaults:5 | Received a gift from Okawaru
 43755 | Vaults:5 | Noticed an ancient lich
 43762 | Vaults:5 | Killed an ancient lich
 43923 | Vaults:5 | Received a gift from Okawaru
 44227 | Vaults:5 | Reached XP level 25. HP: 246/247 MP: 31/31
 44413 | Vaults:5 | Got a silver rune of Zot
 44431 | Vaults:5 | Received a gift from Okawaru
 44442 | Vaults:5 | Reached skill level 10 in Ice Magic
 44514 | Vaults:5 | Killed Mara
 44517 | Vaults:5 | Found Denur's Magic Scroll Emporium.
 44527 | Vaults:5 | Reached skill level 10 in Invocations
 44533 | Vaults:5 | Bought a scroll of teleportation for 66 gold pieces
 44533 | Vaults:5 | Bought a scroll of enchant armour for 165 gold pieces
 44533 | Vaults:5 | Bought a scroll of enchant armour for 165 gold pieces
 44585 | Vaults:5 | Found Norghypsy's Food Shop.
 44627 | Vaults:5 | Received a gift from Okawaru
 44677 | Vaults:5 | Found Mukes's Food Emporium.
 44777 | Vaults:5 | Received a gift from Okawaru
 44781 | Vaults:5 | Identified the -7 hat "Acwi" {+Blink rC- Regen+ Dex+3} (Okawaru gifted it to you on level 5 of the Vaults)
 44976 | Vaults:5 | Identified Ubuteji's Compendium of the Boosting Mountains
 44986 | Vaults:5 | Identified Dispater's Guide on Creative Earth
 45633 | Elf:3    | You paid a toll of +3 storm dragon scales to enter a treasure trove
 45634 | Trove    | Entered a treasure trove
 45639 | Trove    | Found the +4 moon troll leather armour {Spirit, Regen++ MP+5}
 45665 | Trove    | Got a dull robe
 45666 | Trove    | Identified the +2 robe of Responsibility {+Inv Regen+ Str+3 Int-5} (You found it in a treasure trove)
 45678 | Trove    | Identified the +0 robe "Hohoi" {rPois MR+ Str+3} (You found it in a treasure trove)
 45686 | Trove    | Got a clouded platinum ring
 45702 | Trove    | Got a faintly glowing ivory ring
 45710 | Trove    | Got a warped granite ring
 45723 | Trove    | Identified the +1 storm dragon scales "Hyudilet" {rElec rF+ Str+4} (You found it in a treasure trove)
 45740 | Trove    | Identified the ring of the Chupacabra {rF+ MR+ Int+6 Stlth-} (You found it in a treasure trove)
 45741 | Trove    | Identified the ring "Uggevacargh" {rC+ MP+9 Dex+2} (You found it in a treasure trove)
 45742 | Trove    | Identified the ring "Zavicof" {*Tele rPois} (You found it in a treasure trove)
 46222 | Depths:2 | Bought an uncursed ring of resist corrosion for 260 gold pieces
 46442 | Lair:2   | Found a glowing golden altar of the Shining One.
 47203 | Lair:5   | Found a staircase to the Slime Pits.
 47308 | Slime:1  | Entered Level 1 of the Pits of Slime
 47326 | Slime:1  | Gained mutation: Scrolls take you a little longer to read. [a shining eye]
 47334 | Slime:1  | Reached skill level 1 in Air Magic
 47441 | Slime:2  | Gained mutation: Scrolls take you longer to read. [a shining eye]
 47451 | Slime:2  | Lost mutation: You are agile. (Dex +2) [a shining eye]
 48417 | Slime:3  | Gained mutation: Your magical capacity is low. (-10% MP) [a shining eye]
 48440 | Slime:3  | Gained mutation: You occasionally shout uncontrollably at your foes. [a shining eye]
 48569 | Slime:3  | Gained mutation: You are frail. (-10% HP) [a shining eye]
 48589 | Slime:2  | Reached skill level 23 in Unarmed Combat
 48831 | Slime:4  | Gained mutation: You are clumsy. (Dex -2) [a shining eye]
 48834 | Slime:4  | Gained mutation: You tend to lose your temper in combat. [a shining eye]
 48838 | Slime:4  | Gained mutation: You expend magic power (3 MP) to strengthen your wands. [a shining eye]
 48841 | Slime:4  | Gained mutation: You have a pair of horns on your head. [a shining eye]
 48848 | Slime:4  | Gained mutation: Scrolls take you much longer to read. [a shining eye]
 48853 | Slime:4  | Gained mutation: You are very clumsy. (Dex -4) [a shining eye]
 48949 | Slime:5  | Entered Level 5 of the Pits of Slime
 48953 | Slime:5  | Noticed Donald
 48962 | Slime:5  | Killed Donald
 48962 | Slime:5  | Received a gift from Okawaru
 49024 | Slime:5  | Noticed the Royal Jelly
 49044 | Slime:5  | Killed the Royal Jelly
 49044 | Slime:5  | Received a gift from Okawaru
 49089 | Slime:5  | Reached XP level 26. HP: 169/232 MP: 0/27
 49126 | Slime:5  | Got a slimy golden ring
 49130 | Slime:5  | Identified the ring "Kaexelip" {Int+4 Stlth+} (You found it on level 5 of the Pits of Slime)
 49157 | Slime:5  | Identified Baolumab's Almanac of Boosting Displacement
 49174 | Slime:5  | Identified the Catalogue of Attacks and Companions
 49220 | Slime:5  | Got a slimy rune of Zot
 49410 | Slime:5  | Reached skill level 5 in Air Magic
 49642 | Slime:5  | Lost mutation: You expend magic power (3 MP) to strengthen your wands. [potion of mutation]
 49642 | Slime:5  | Lost mutation: You are very clumsy. (Dex -4) [potion of mutation]
 49642 | Slime:5  | Lost mutation: You occasionally shout uncontrollably at your foes. [potion of mutation]
 49642 | Slime:5  | Gained mutation: You are very clumsy. (Dex -4) [potion of mutation]
 49642 | Slime:5  | Gained mutation: Your spells are a little easier to cast, but a little less powerful. [potion of mutation]
 49642 | Slime:5  | Lost mutation: You tend to lose your temper in combat. [potion of mutation]
 49643 | Slime:5  | Lost mutation: Your magical capacity is low. (-10% MP) [potion of mutation]
 49643 | Slime:5  | Lost mutation: You are frail. (-10% HP) [potion of mutation]
 49643 | Slime:5  | Lost mutation: You have a pair of horns on your head. [potion of mutation]
 49643 | Slime:5  | Lost mutation: You have a pair of small horns on your head. [potion of mutation]
 49643 | Slime:5  | Gained mutation: You have sharp toenails. [potion of mutation]
 49644 | Slime:5  | Lost mutation: Your spells are a little easier to cast, but a little less powerful. [potion of mutation]
 49644 | Slime:5  | Lost mutation: Scrolls take you much longer to read. [potion of mutation]
 49644 | Slime:5  | Lost mutation: You are partially covered in molten scales. (AC +2) [potion of mutation]
 49644 | Slime:5  | Gained mutation: Armour fits poorly on your strangely shaped body. [potion of mutation]
 49644 | Slime:5  | Gained mutation: You are somewhat resistant to further mutation. [potion of mutation]
 49644 | Slime:5  | Gained mutation: You have a somewhat thin skeletal structure. (Dex +2, Stealth) [potion of mutation]
 49645 | Slime:5  | Lost mutation: You are somewhat resistant to further mutation. [potion of mutation]
 49645 | Slime:5  | Lost mutation: Armour fits poorly on your strangely shaped body. [potion of mutation]
 49645 | Slime:5  | Gained mutation: You are frail. (-10% HP) [potion of mutation]
 49645 | Slime:5  | Gained mutation: You possess an exceptional clarity of mind. [potion of mutation]
 49646 | Slime:5  | Lost mutation: Scrolls take you longer to read. [potion of mutation]
 49646 | Slime:5  | Lost mutation: Scrolls take you a little longer to read. [potion of mutation]
 49646 | Slime:5  | Lost mutation: You have sharp toenails. [potion of mutation]
 49646 | Slime:5  | Gained mutation: Your mind is acute. (Int +2) [potion of mutation]
 49646 | Slime:5  | Gained mutation: You are resistant to electric shocks. (rElec) [potion of mutation]
 49646 | Slime:5  | Gained mutation: You are partially covered in large bone plates. (SH +4) [potion of mutation]
 49961 | Slime:3  | Gained mutation: You are partially covered in icy blue scales. (AC +2) [a shining eye]
 49965 | Slime:3  | Gained mutation: Your magical capacity is low. (-10% MP) [a shining eye]
 50168 | Lair:2   | Fell from the grace of Okawaru
 50168 | Lair:2   | Became a worshipper of the Shining One
 50448 | Crypt:1  | Entered Level 1 of the Crypt
 50478 | Crypt:1  | Reached * piety under the Shining One
 50559 | Crypt:1  | Reached ** piety under the Shining One
 50742 | Crypt:1  | Reached *** piety under the Shining One
 50836 | Crypt:1  | Reached **** piety under the Shining One
 51143 | Crypt:1  | Learned a level 4 spell: Ice Form
 51174 | Crypt:1  | Reached ***** piety under the Shining One
 51505 | Crypt:2  | Reached skill level 1 in Transmutations
 51939 | Crypt:2  | Reached ****** piety under the Shining One
 52230 | Crypt:3  | Entered Level 3 of the Crypt
 52417 | Crypt:3  | Found the +4 dagger "Morg" {pain, MR+ Int+5}
 52433 | Crypt:3  | Identified the ring "Poimek" {rElec MR+ Dex+6} (You found it on level 3 of the Crypt)
 52610 | Crypt:3  | Reached skill level 15 in Fighting
 52818 | Crypt:3  | Learned a level 1 spell: Confusing Touch
 52915 | Crypt:3  | Found a staircase to the Tomb.
 53421 | Crypt:3  | Found the ring of the Mage {Wiz MR++ Int+3}
 53591 | Tomb:1   | Entered Level 1 of the Tomb of the Ancients
 53761 | Tomb:1   | Reached skill level 24 in Unarmed Combat
 53761 | Tomb:1   | Reached XP level 27. HP: 229/242 MP: 27/27
 54037 | Tomb:1   | Noticed a greater mummy
 54042 | Tomb:1   | Noticed a greater mummy
 54311 | Tomb:1   | Killed a greater mummy
 54630 | Tomb:1   | Killed a greater mummy
 54737 | Tomb:1   | Learned a level 6 spell: Statue Form
 54743 | Tomb:1   | Learned a level 5 spell: Blade Hands
 55301 | Pan      | Entered Pandemonium
 55349 | Pan      | Noticed Wisa the pandemonium lord
 55368 | Pan      | Killed Wisa the pandemonium lord
 55368 | Pan      | Reached skill level 5 in Transmutations
 55546 | Pan      | Was forgiven by Okawaru
 55864 | Pan      | Found an exit through the horrors of the Abyss.
 56171 | Pan      | Noticed Tetwaesa the pandemonium lord
 56213 | Pan      | Killed Tetwaesa the pandemonium lord
 56235 | Pan      | Reached skill level 25 in Unarmed Combat
 56871 | Pan      | Found an exit through the horrors of the Abyss.
 57113 | Pan      | Gained mutation: Scrolls take you a little longer to read. [a cacodemon]
 57688 | Pan      | Noticed Itorphun the pandemonium lord
 57703 | Pan      | Killed Itorphun the pandemonium lord
 58225 | Pan      | Got a demonic rune of Zot
 58314 | Pan      | Lost mutation: Your mind is acute. (Int +2) [a cacodemon]
 58335 | Pan      | Reached skill level 26 in Unarmed Combat
 58512 | Pan      | Gained mutation: You are very frail. (-20% HP) [a cacodemon]
 58718 | Pan      | Entered the realm of Cerebov.
 59426 | Pan      | Noticed Cerebov
 59447 | Pan      | Killed Cerebov
 59717 | Pan      | Got a heavily runed pewter amulet
 59737 | Pan      | Identified the amulet of Cicw {Inacc rElec rPois Str-2 Int+2} (You found it in Pandemonium)
 59768 | Pan      | Got a fiery rune of Zot
 59806 | Pan      | Lost mutation: You are very clumsy. (Dex -4) [potion of mutation]
 59806 | Pan      | Lost mutation: You possess an exceptional clarity of mind. [potion of mutation]
 59806 | Pan      | Lost mutation: You are clumsy. (Dex -2) [potion of mutation]
 59806 | Pan      | Gained mutation: You can translocate small distances at will. [potion of mutation]
 59807 | Pan      | Lost mutation: Scrolls take you a little longer to read. [potion of mutation]
 59807 | Pan      | Lost mutation: You are very frail. (-20% HP) [potion of mutation]
 59807 | Pan      | Lost mutation: Your magical capacity is low. (-10% MP) [potion of mutation]
 59807 | Pan      | Gained mutation: You have a pair of small antennae on your head. [potion of mutation]
 59807 | Pan      | Gained mutation: You tend to lose your temper in combat. [potion of mutation]
 59807 | Pan      | Gained mutation: You are agile. (Dex +2) [potion of mutation]
 59808 | Pan      | Lost mutation: You are agile. (Dex +2) [potion of mutation]
 59808 | Pan      | Lost mutation: You are frail. (-10% HP) [potion of mutation]
 59808 | Pan      | Gained mutation: Scrolls take you a little longer to read. [potion of mutation]
 59808 | Pan      | Gained mutation: Your flesh is heat resistant. (rF+) [potion of mutation]
 59809 | Pan      | Lost mutation: You tend to lose your temper in combat. [potion of mutation]
 59809 | Pan      | Lost mutation: You have a pair of small antennae on your head. [potion of mutation]
 59809 | Pan      | Gained mutation: You have very sharp teeth. [potion of mutation]
 59979 | Pan      | Entered the realm of Mnoleg.
 59995 | Pan      | Gained mutation: You expend magic power (3 MP) to strengthen your wands. [a cacodemon]
 60012 | Pan      | Reached skill level 27 in Unarmed Combat
 60018 | Pan      | Found an exit through the horrors of the Abyss.
 60128 | Pan      | Lost mutation: You have a somewhat thin skeletal structure. (Dex +2, Stealth) [a neqoxec]
 60182 | Pan      | Identified Sif Muna's Disquisition on Translocation and Transformation
 60269 | Pan      | Gained mutation: Scrolls take you longer to read. [a cacodemon]
 60283 | Pan      | Reached skill level 10 in Transmutations
 60336 | Pan      | Gained mutation: You are frail. (-10% HP) [a neqoxec]
 60342 | Pan      | Gained mutation: You are dopey. (Int -2) [a neqoxec]
 60356 | Pan      | Gained mutation: You have an increased reservoir of magic. (+10% MP) [a shining eye]
 60401 | Pan      | Lost mutation: You have an increased reservoir of magic. (+10% MP) [a cacodemon]
 60417 | Pan      | Paralysed by a floating eye for 4 turns
 60432 | Pan      | Noticed Mnoleg
 60434 | Pan      | Gained mutation: Your spells are a little easier to cast, but a little less powerful. [a neqoxec]
 60441 | Pan      | Gained mutation: You are weak. (Str -2) [a neqoxec]
 60452 | Pan      | Killed Mnoleg
 60464 | Pan      | Gained mutation: You are very dopey. (Int -4) [a neqoxec]
 60521 | Pan      | Got a glowing rune of Zot
 60592 | Pan      | Gained mutation: You are clumsy. (Dex -2) [a cacodemon]
 60629 | Pan      | Gained mutation: You are very weak. (Str -4) [a cacodemon]
 61048 | Pan      | Noticed Puco the pandemonium lord
 61054 | Pan      | Entered the realm of Gloorx Vloq.
 61196 | Pan      | Found an exit through the horrors of the Abyss.
 61259 | Pan      | Reached skill level 1 in Earth Magic
 61763 | Pan      | Noticed Gloorx Vloq
 61778 | Pan      | Killed Gloorx Vloq
 61814 | Pan      | Got a dark rune of Zot
 61915 | Pan      | Entered the realm of Lom Lobon.
 62246 | Pan      | Reached skill level 5 in Earth Magic
 62309 | Pan      | Noticed Lom Lobon
 62675 | Pan      | Found an exit through the horrors of the Abyss.
 63044 | Pan      | Killed Lom Lobon
 63117 | Pan      | Got a magical rune of Zot
 63629 | Pan      | Took an exit into the Abyss.
 63629 | Abyss:1  | Escaped into the Abyss
 63660 | Abyss:2  | Lost mutation: You are very dopey. (Int -4) [potion of mutation]
 63660 | Abyss:2  | Lost mutation: You have very sharp teeth. [potion of mutation]
 63660 | Abyss:2  | Lost mutation: Your flesh is heat resistant. (rF+) [potion of mutation]
 63660 | Abyss:2  | Lost mutation: You can translocate small distances at will. [potion of mutation]
 63660 | Abyss:2  | Lost mutation: You are frail. (-10% HP) [potion of mutation]
 63660 | Abyss:2  | Gained mutation: You have a pair of small antennae on your head. [potion of mutation]
 64074 | Abyss:2  | Gained mutation: You are very dopey. (Int -4) [a neqoxec]
 64660 | Abyss:3  | Found a glowing golden altar of the Shining One.
 64703 | Abyss:3  | Noticed a juggernaut
 64711 | Abyss:3  | Killed a juggernaut
 64718 | Abyss:3  | Got an abyssal rune of Zot
 65048 | Abyss:3  | Gained mutation: You occasionally shout uncontrollably at your foes. [a neqoxec]
 65049 | Abyss:3  | Gained mutation: Scrolls take you much longer to read. [a neqoxec]
 65065 | Depths:1 | Escaped the Abyss
 65348 | Temple   | Fell from the grace of the Shining One
 65348 | Temple   | Became a worshipper of Zin the Law-Giver
 65348 | Temple   | Reached * piety under Zin
 65348 | Temple   | Reached ** piety under Zin
 65348 | Temple   | Reached *** piety under Zin
 65348 | Temple   | Reached **** piety under Zin
 65348 | Temple   | Reached ***** piety under Zin
 65604 | Hell     | Entered the Vestibule of Hell
 65604 | Hell     | Noticed Geryon
 65622 | Hell     | Killed Geryon
 65749 | Hell     | Donated 2106 gold pieces to Zin
 65807 | Hell     | Found a gateway to the freezing wastes of Cocytus.
 65933 | Hell     | Found a gateway to the Iron City of Dis.
 65972 | Hell     | Reached ****** piety under Zin
 66025 | Hell     | Found a gateway to the ashen valley of Gehenna.
 66091 | Hell     | Found a gateway to the decaying netherworld of Tartarus.
 66267 | Tar:1    | Entered Level 1 of Tartarus
 66712 | D:8      | Fell from the grace of Zin
 66712 | D:8      | Became a worshipper of the Shining One
 67298 | Tar:3    | Reached skill level 10 in Earth Magic
 68172 | Tar:5    | You fall through a shaft!
 68187 | Tar:6    | Reached skill level 15 in Transmutations
 68216 | Tar:6    | Reached skill level 1 in Spellcasting
 68323 | Tar:7    | Entered Level 7 of Tartarus
 68484 | Tar:7    | Noticed Ereshkigal
 68505 | Tar:7    | Killed Ereshkigal
 68546 | Tar:7    | Got a slimy iron ring
 68548 | Tar:7    | Got a bone rune of Zot
 68552 | Tar:7    | Identified the ring "Eheyxo" {Dex+4 Stlth+} (You found it on level 7 of Tartarus)
 68733 | Coc:1    | Entered Level 1 of Cocytus
 69144 | Coc:7    | Entered Level 7 of Cocytus
 69144 | Coc:7    | Noticed an ancient lich
 69152 | Coc:7    | Killed an ancient lich
 69238 | Coc:7    | Noticed Antaeus
 69272 | Coc:7    | Slain by Antaeus

Skill      XL: |  1  2  3  4  5  6  7  8  9 10 11 12 13 14 15 16 17 18 19 20 21 22 23 24 25 26 27 |
---------------+----------------------------------------------------------------------------------+-----
Unarmed Combat | 3 4 5 6 7 9 11 13 15 16 17 18 19 20 21 22 23 24 27 | 27.0
Shields        | 3 4 5 6 7 8 9 10 11 12 13 14 15 | 15.0
Invocations    | 2 4 5 7 8 9 11 12 | 12.1
Fighting       | 3 5 6 7 8 9 10 11 12 13 14 15 17 | 17.4
Throwing       | 3 6 8 10 11 13 14 15 16 17 18 | 18.1
Armour         | 1 3 5 6 7 8 9 10 11 12 13 14 15 16 18 | 18.7
Evocations     | 1 3 5 7 9 11 12 | 12.0
Ice Magic      | 6 9 11 | 11.0
Air Magic      | 4 7 9 |  9.7
Transmutations | 3 15 | 15.8
Earth Magic    | 12 | 12.9
Spellcasting   | 4 |  4.8
Dodging        | |  2.4

Action                   |  1- 3 |  4- 6 |  7- 9 | 10-12 | 13-15 | 16-18 | 19-21 | 22-24 | 25-27 || total
-------------------------+-------+-------+-------+-------+-------+-------+-------+-------+-------++-------
Melee: Unarmed           |   120 |   115 |   425 |   688 |  1076 |  1398 |  1432 |  1189 |  5102 || 11545
       Headbutt          |       |       |    10 |   158 |   287 |   309 |   378 |   324 |   193 ||  1659
       Bite              |       |       |       |       |       |       |       |       |   128 ||   128
Throw: Javelin           |       |       |       |     7 |    23 |    11 |     8 |   247 |    85 ||   381
       Tomahawk          |       |       |       |     5 |   175 |   229 |   247 |   217 |   262 ||  1135
Invok: Heroism           |       |       |       |     2 |    14 |    19 |    22 |    18 |     3 ||    78
       Finesse           |       |       |       |       |     3 |     5 |     3 |     9 |     2 ||    22
       Cleansing Flame   |       |       |       |       |       |       |       |       |     4 ||     4
       Summon Divine War |       |       |       |       |       |       |       |       |     2 ||     2
       Donate Gold       |       |       |       |       |       |       |       |       |     1 ||     1
 Abil: Evoke Fog         |       |       |       |       |       |     1 |       |       |       ||     1
Evoke: Wand              |       |       |     9 |    83 |    37 |    69 |    11 |       |    15 ||   224
       Phantom mirror    |       |       |       |       |     2 |       |       |       |       ||     2
       Lamp of fire      |       |       |       |       |     1 |     1 |       |       |       ||     2
       Phial of floods   |       |       |       |       |       |       |     1 |       |       ||     1
  Use: Scroll            |       |       |    15 |    17 |    11 |     5 |    12 |    10 |    44 ||   114
       Potion            |       |       |     3 |     2 |     5 |     1 |       |     2 |    39 ||    52
 Stab: Sleeping          |       |     1 |     1 |    12 |    10 |     1 |       |       |       ||    25
       Paralysed         |       |       |     6 |     7 |     2 |       |       |       |       ||    15
       Distracted        |       |       |       |     1 |     2 |       |       |       |       ||     3
       Confused          |       |       |       |       |     1 |     2 |       |       |       ||     3
       Petrified         |       |       |       |       |     1 |       |       |       |       ||     1
  Eat: Chunk             |    12 |     9 |    32 |    63 |    81 |    74 |    77 |    55 |    96 ||   499
       Ration            |       |       |       |       |       |     1 |       |       |    35 ||    36
Armor: Robe              |    42 |    29 |    69 |    77 |       |       |       |       |       ||   217
       Skin              |       |       |       |    43 |       |       |       |       |       ||    43
       Troll leather arm |       |       |       |     6 |   102 |     4 |       |       |       ||   112
       Gold dragon scale |       |       |       |       |       |   336 |   244 |   247 |  1093 ||  1920
Dodge: Dodged            |    39 |    27 |    93 |   100 |    93 |   112 |    96 |    76 |   326 ||   962
Block: Shield            |    39 |    36 |   160 |   188 |       |       |       |       |       ||   423
       Large shield      |       |       |       |   430 |  1040 |  1648 |  1491 |  1149 |  5600 || 11358
       Reflection        |       |       |       |       |       |       |   183 |    95 |   152 ||   430
